 Dungeon Crawl Stone Soup version 0.21.1-1-g345015f (webtiles) character file.

289 Fang the Chopper (level 6, -2/39 HPs)
             Began as a Gargoyle Berserker on Apr 25, 2018.
             Was a Believer of Trog.
             Slain by a phantom (3 damage)
             ... on level 4 of the Dungeon.
             The game lasted 00:06:06 (3586 turns).

Fang the Chopper (Gargoyle Berserker)               Turns: 3586, Time: 00:06:06

Health: -2/39      AC:  6    Str: 22    XL:     6   Next: 31%
Magic:  6/6        EV: 12    Int:  8    God:    Trog [**....]
Gold:   195        SH:  0    Dex:  9    Spells: 5/5 levels left

rFire    . . .     SeeInvis .   a - +0 hand axe
rCold    . . .     Gourm    .   (no shield)
rNeg     + . .     Faith    .   b - +0 animal skin
rPois    ∞         Spirit   .   (no helmet)
rElec    +         Reflect  .   (no cloak)
rCorr    .         Harm     .   (no gloves)
MR       .....                  (no boots)
Stlth    +.........             (no amulet)
HPRegen  0.13/turn              (no ring)
MPRegen  0.10/turn              (no ring)

@: no status effects
A: negative energy resistance 1, electricity resistance, unbreathing,
petrification resistance, rot immunity, AC +4
a: Berserk, Trog's Hand, Burn Spellbooks, Renounce Religion


You were on level 4 of the Dungeon.
You worshipped Trog.
Trog was pleased with you.
You were hungry.

You visited 1 branch of the dungeon, and saw 4 of its levels.

You collected 195 gold pieces.

Inventory:

Hand Weapons
 a - a +0 hand axe (weapon)
Armour
 b - a +0 animal skin (worn)
Jewellery
 e - an uncursed ring of protection from fire {unknown}
Wands
 l - a wand of polymorph (5)
Scrolls
 d - 4 scrolls of remove curse
 g - 2 scrolls of fog
Potions
 f - a potion of haste {unknown}
 h - 2 potions of lignification {unknown}
 i - a potion of heal wounds {unknown}
 j - 5 potions of curing {unknown}
 k - a potion of flight {unknown}
 n - a potion of ambrosia {unknown}
Comestibles
 c - 6 rations


   Skills:
 + Level 4.4 Fighting
 + Level 4.7 Axes
 + Level 2.5 Armour
 + Level 3.0 Dodging
 + Level 0.6 Stealth


You had 5 spell levels left.
You didn't know any spells.

Dungeon Overview and Level Annotations

Branches:
Dungeon (4/15)
 Temple: D:4-7

Altars:
Makhleb


Innate Abilities, Weirdness & Mutations

You are resistant to torment.
Your stone body is resilient. (AC +4)
You are immune to poison.
You resist negative energy. (rN+)
You are resistant to electric shocks. (rElec)
You can survive without breathing.
You are immune to petrification.
You are immune to rotting.


Message History

The phantom blinks!
You hear the slow hiss of a very distant avalanche of sand.
The phantom blinks!
The phantom blinks!
The phantom blinks!
You open the door.
An adder comes into view.
The phantom blinks!
Found a dagger.
There is an open door here.
You barely miss the phantom.
The phantom is moderately damaged.
You miss the adder. The phantom hits you.
* * * LOW HITPOINT WARNING * * *
The phantom blinks!
The adder bites you.
* * * LOW HITPOINT WARNING * * *
The adder bites you.
* * * LOW HITPOINT WARNING * * *
The adder closely misses you. The phantom hits you.
You die...

#.......#........#
####....###.########
#.......###.#
##.......#.<#
#.......#..#
##.##..###.#
#.###'###.#
..+.W§S.#..
...#..@..+..
....#...).#..
#....#.....#...
##..###...## #...#
..... ..... .......


You could see a phantom and an adder.

Vanquished Creatures
  A howler monkey (D:2)
  A crimson imp (D:3)
  2 orc priests (D:3)
  Ijyb (D:3)
  A worker ant (D:4)
  2 adders
  2 oozes
  2 worms
  6 dart slugs
  7 orcs (D:3)
  6 giant cockroaches
  5 goblins
  7 hobgoblins
  A quokka (D:3)
  5 bats
  3 frilled lizards (D:1)
  6 kobolds
  4 rats
62 creatures vanquished.

Notes
Turn   | Place    | Note
-------+----------+-------------------------------------------
     0 | D:1      | Fang the Gargoyle Berserker began the quest for the Orb.
     0 | D:1      | Reached XP level 1. HP: 14/14 MP: 1/1
    98 | D:1      | Reached XP level 2. HP: 17/19 MP: 2/2
   748 | D:1      | Reached XP level 3. HP: 22/24 MP: 3/3
   931 | D:2      | Reached XP level 4. HP: 17/29 MP: 4/4
  1323 | D:2      | Reached ** piety under Trog
  1962 | D:3      | Reached XP level 5. HP: 18/33 MP: 5/5
  2199 | D:3      | HP: 2/49 [orc priest/divine providence (13)]
  2636 | D:3      | Found a burning altar of Makhleb.
  3198 | D:3      | Reached XP level 6. HP: 39/39 MP: 6/6
  3255 | D:3      | Noticed Ijyb
  3265 | D:3      | Killed Ijyb
  3535 | D:4      | Noticed a phantom
  3585 | D:4      | HP: 1/39 [adder (1)]
  3586 | D:4      | Slain by a phantom

Skill      XL: |  1  2  3  4  5  6 |
---------------+-------------------+-----
Axes           | 3 4 |  4.7
Fighting       | 4 |  4.4
Dodging        | 2 3 |  3.0
Armour         | |  2.5
Stealth        | |  0.6

Action                   |  1- 3 |  4- 6 || total
-------------------------+-------+-------++-------
Melee: Hand axe          |    60 |   248 ||   308
       Unarmed           |       |     5 ||     5
Invok: Berserk           |     2 |     3 ||     5
  Use: Scroll            |     5 |     1 ||     6
 Stab: Sleeping          |       |     2 ||     2
       Confused          |       |     1 ||     1
  Eat: Chunk             |       |     6 ||     6
       Ration            |       |     2 ||     2
Armor: Animal skin       |    18 |   104 ||   122
Dodge: Dodged            |    39 |   143 ||   182
